 Dungeon Crawl Stone Soup version 0.16.1-7-g2c6721e (webtiles) character file.

580561 RobertPalmer the Imperceptible (level 27, 0/197 (200) HPs)
             Began as an Octopode Warper on Mar 27, 2015.
             Was the Champion of Dithmenos.
             Splashed by an acid blob's acid (9 damage)
             ... summoned by a shadow trap
             ... triggered by a jelly
             ... on level 6 of the Pits of Slime on Mar 29, 2015.
             The game lasted 06:30:31 (103844 turns).

RobertPalmer the Imperceptible (Octopode Warper)  Turns: 103844, Time: 06:30:32

HP:   0/197 (200)   AC:  9    Str:  6    XL:     27
MP:   21/51         EV: 30    Int: 29    God:    Dithmenos [******]
Gold: 842           SH:  9    Dex: 26    Spells: 11 memorised, 13 levels left

rFire  . . .     SeeInvis +     a - +9 rapier (elec)
rCold  . . .     Clarity  .     z - +3 buckler
rNeg   + + .     SustAb   .     u - +2 hat
rPois  +         Gourm    .     g - brooch of Shielding {Ward rN+ AC+4 EV+4}
rElec  .         Spirit   .     M - ring of see invisible {sInv, !d}
rCorr  .         Warding  +     J - +3 ring of protection
rMut   .         Stasis   .     U - ring of the Hippo {+Fly rN+ Str-3 Int+5 Stlth+}
MR     ++...                    W - ring of Xomofez {Wiz MP+9}
Stlth  ++++++++++               H - +3 ring of dexterity
                                d - ring of poison resistance {rPois, !d}
                                w - ring of Azettuus {Int+5 Slay+3}
                                R - ring "Ciagigog" {+Fly Dex+3 Stlth+}

@: icy armour, about to teleport, corroded equipment, wreathed by umbra, very
resistant to hostile enchantments, uncannily stealthy
A: almost no armour, amphibious, 8 rings, constrict 8, iridescent scales 1,
camouflage 1, deformed body, weak 1, gelatinous body 1
a: Shadow Step, Shadow Form, Renounce Religion, Evoke Flight
}: 3/15 runes: barnacled, silver, gossamer


You were on level 6 of the Pits of Slime.
You worshipped Dithmenos.
Dithmenos was exalted by your worship.
You were full.

You visited 11 branches of the dungeon, and saw 61 of its levels.
You visited the Abyss 3 times.
You visited 3 bazaars.
You also visited: Sewer and Ice Cave.

You collected 6234 gold pieces.
You spent 5392 gold pieces at shops.

Inventory:

Hand weapons
 a - a +9 rapier of electrocution (weapon)
   (You took it off Nikola on level 3 of the Spider Nest)
Armour
 l - a +2 gold dragon armour {rC+, rF+, rPois}
   (You found it on level 5 of the Depths)
 u - a +2 hat (worn)
   (You took it off Gastronok on level 1 of the Lair of Beasts)
 z - a +3 buckler (worn)
   (You found it on level 7 of the Dungeon)
 O - the +0 shield of Puleazxe {Stlth+}
   (You acquired it on level 3 of the Vaults)

   It makes you more stealthy.
Rods
 b - a +4 rod of inaccuracy (10/10) {!a}
   (You took it off a frost giant on level 4 of the Depths)
Jewellery
 d - a ring of poison resistance (on tentacle) {rPois, !d}
   (You found it on level 4 of the Dungeon)
 f - an uncursed ring of fire {rF+, rC-}
   (You found it on level 4 of the Spider Nest)
 g - the brooch of Shielding (around mantle) {Ward rN+ AC+4 EV+4}
   (You bought it in a shop in a bazaar)

   [amulet of warding]

   It may prevent the melee attacks of summoned creatures.
   It affects your AC (+4).
   It affects your evasion (+4).
   It protects you from negative energy.
 w - the ring of Azettuus (on tentacle) {Int+5 Slay+3}
   (You found it on level 3 of the Lair of Beasts)

   [ring of intelligence]

   It affects your intelligence (+5).
   It affects your accuracy and damage with ranged weapons and melee attacks
   (+3).
 B - the amulet "Puwuutege" {Gourm +Inv}
   (You bought it in a shop on level 4 of the Orcish Mines)

   [amulet of the gourmand]

   It allows you to eat raw meat even when not hungry.
   It lets you turn invisible.
 D - an uncursed ring of protection from cold {rC+, !d}
   (You found it on level 3 of the Realm of Zot)
 G - an uncursed amulet of resist mutation {rMut, !d}
   (You took it off a deep elf demonologist on level 3 of the Elven Halls)
 H - a +3 ring of dexterity (on tentacle)
   (You found it on level 1 of the Elven Halls)
 J - a +3 ring of protection (right tentacle)
   (You found it on level 14 of the Dungeon)
 M - a ring of see invisible (left tentacle) {sInv, !d}
   (You bought it in a shop on level 2 of the Vaults)
 R - the ring "Ciagigog" (on tentacle) {+Fly Dex+3 Stlth+}
   (You found it on level 3 of the Lair of Beasts)

   [ring of flight]

   It affects your dexterity (+3).
   It lets you fly.
   It makes you more stealthy.
 U - the ring of the Hippo (on tentacle) {+Fly rN+ Str-3 Int+5 Stlth+}
   (You bought it in a shop on level 2 of the Shoals)

   [ring of intelligence]

   It affects your strength (-3).
   It affects your intelligence (+5).
   It protects you from negative energy.
   It lets you fly.
   It makes you more stealthy.
 W - the ring of Xomofez (on tentacle) {Wiz MP+9}
   (You bought it in a shop on level 2 of the Shoals)

   [ring of wizardry]

   It improves your spell success rate.
   It affects your magic capacity (+9).
 Y - an uncursed ring of protection from cold {rC+, !d}
   (You found it on level 3 of the Elven Halls)
Magical devices
 e - a wand of teleportation (3)
   (You took it off a boggart on level 1 of the Vaults)
 y - a wand of digging (9)
   (You found it on level 7 of the Dungeon)
 S - a wand of heal wounds (0)
   (You found it on level 13 of the Dungeon)
Scrolls
 i - 5 scrolls of fear
 j - a scroll of teleportation
 k - a scroll of holy word {!r}
 m - a scroll of blinking {!r}
 n - 5 scrolls of magic mapping {!r}
 p - a scroll of identify
 q - 25 scrolls of remove curse
 L - 3 scrolls of silence
 Q - 6 scrolls of fog
 T - 4 scrolls of amnesia
 Z - 3 scrolls of recharging
Potions
 c - 2 potions of resistance
 h - a potion of cure mutation {!q}
 o - 9 potions of restore abilities
 r - 3 potions of haste
 v - 7 potions of might
 C - 3 potions of brilliance
 F - 2 potions of curing
 I - 2 potions of magic
 N - 4 potions of berserk rage {!q}
 X - a potion of agility
Books
 A - a Necronomicon {highlevel}
   (You found it on level 14 of the Dungeon)
 E - a book of the Sky
   (You found it on level 3 of the Elven Halls)
 P - a book of Annihilations {highlevel}
   (You found it on level 1 of the Abyss)
Comestibles
 s - 21 meat rations {@e2}
 t - 25 fruits
 x - 16 bread rations {@e1}
 K - 3 royal jellies


   Skills:
 - Level 19.7 Fighting
 - Level 13.5 Short Blades
 - Level 1.0 Throwing
 - Level 12.5 Dodging
 - Level 23.4 Stealth
 - Level 3.4 Shields
 - Level 16.2 Spellcasting
 - Level 3.2 Charms
 - Level 8.6 Summonings
 - Level 3.0 Translocations
 - Level 13.4 Ice Magic
 + Level 22.2 Air Magic
 - Level 10.2 Invocations
 - Level 10.6 Evocations


You had 13 spell levels left.
You knew the following spells:

 Your Spells              Type           Power        Failure   Level  Hunger
a - Freezing Cloud        Conj/Ice/Air   #######...   1%          6    ###....
b - Blink                 Tloc           N/A          1%          2    None
c - Sure Blade            Hex/Chrm       ####......   1%          2    None
d - Shadow Creatures      Summ           N/A          1%          5    None
e - Summon Mana Viper     Hex/Summ       #####...     4%          5    None
f - Deflect Missiles      Chrm/Air       #######...   1%          6    ###....
g - Apportation           Tloc           #####.....   1%          1    None
h - Tornado               Air            ########..   10%         9    #######
A - Ozocubu's Armour      Chrm/Ice       ######..     1%          3    None
B - Summon Butterflies    Summ           ######..     1%          1    None
S - Phase Shift           Tloc           #####.....   7%          5    None


Dungeon Overview and Level Annotations

Branches:
Dungeon (15/15)            Temple (1/1) D:4            Lair (8/8) D:11
 Shoals (5/5) Lair:3       Spider (5/5) Lair:5        Slime (6/6) Lair:8
    Orc (4/4) D:10            Elf (3/3) Orc:4        Vaults (5/5) D:13
  Crypt (0/3) Vaults:3     Depths (5/5) D:15            Zot (4/5) Depths:5

Altars:
Ashenzari
Cheibriados
Dithmenos
Elyvilon
Fedhas
Gozag
Kikubaaqudgha
Makhleb
Nemelex Xobeh
Okawaru
Qazlal
Ru
Sif Muna
Trog
Vehumet
Xom
Yredelemnul
Zin
The Shining One
Beogh

Shops:
D:9 }   D:13 }   Orc:2 :   Orc:4 *=([   Elf:1 !   Elf:3 %   Shoals:2 =
Vaults:2 [}=*!   Depths:4 !?

Portals:
Hell: Depths:1 Depths:2 Depths:3 Depths:4 Depths:5
Abyss: Depths:2 Depths:4
Pandemonium: Depths:1 Depths:3 Depths:4
Ziggurat: Depths:5
Trove: Elf:3 (give +3 gold dragon armour)

Annotations:
D:4 Radiman's ghost, experienced CeFi
D:5 exclusion: 2 slaves, abixa's ghost, experienced HuWr
D:9 puimuR's ghost, experienced DsSk
Lair:3 exclusions: oklob plant and orange crystal statue
Shoals:4 exclusion: Roxanne, Kirke; Roxanne
Slime:6 exclusion: 4 jellies, Royal Jelly
Elf:2 5 runed doors
Vaults:5 roverover's ghost, great FoFi
Depths:2 exclusion: great orb of eyes


Innate Abilities, Weirdness & Mutations

You cannot wear most types of armour.
You are amphibious.
You can wear up to eight rings at the same time.
You can use your tentacles to constrict many enemies at once.
Your skin changes colour to match your surroundings (Stealth).
Your rubbery body absorbs attacks (AC +1).
You are partially covered in iridescent scales (AC +4).
Your body is misshapen.
You are weak. (Str -2)


Message History

You are splashed with acid!
The acid burns!
* * * LOW HITPOINT WARNING * * *
You take 26 damage, and have 40/197 hp.
Unknown command.
Unknown command.
Unknown command.
Unknown command.
Unknown command.
You feel much better.
This wand has 2 charges left.
You kill the azure jelly!
That felt strangely unrewarding.
The royal jelly shudders.
The royal jelly spits out another jelly.
The acid blob completely misses you.
A shining eye comes into view.
You regained 29 hp, and now have 69/197 hp.
Unknown command.
Unknown command.
Unknown command.
Unknown command.
Unknown command.
Unknown command.
You feel much better.
This wand has 1 charge left.
The shining eye turns its gaze towards you.
You kill the acid blob!
That felt strangely unrewarding.
You destroy the death ooze!
That felt strangely unrewarding.
You kill the acid blob!
That felt strangely unrewarding.
You kill the acid blob!
That felt strangely unrewarding.
You kill the jelly!
Dithmenos accepts your kill.
The royal jelly shudders violently.
The royal jelly spits out three more jellies.
The acid blob spits acid at you. The splash of acid hits you!
The acid burns!
The acid blob spits acid at you. The splash of acid hits you!
The acid burns!
* * * LOW HITPOINT WARNING * * *
The acid blob spits acid at you. The splash of acid hits you!
* * * LOW HITPOINT WARNING * * *
The acid burns!
* * * LOW HITPOINT WARNING * * *
The shining eye gazes at you.
Strange energies course through your body.
Your body twists and deforms.
Unknown command.
You take 62 damage, and have 7/197 hp.
MASSIVE DAMAGE!!
Unknown command.
Unknown command.
Unknown command.
Unknown command.
Unknown command.
Unknown command.
Okay, then.
Unknown command.
Unknown command.
Okay, then.
Read which item? (? for menu, Esc to quit)
Really read
m - 2 scrolls of blinking {!r}?
A powerful magic prevents control of your teleportation.
Your blink will be uncontrolled - continue anyway?
You blink.
As you read the scroll of blinking {!r}, it crumbles to dust.
The royal jelly shudders.
The royal jelly spits out another jelly.
The winds around you start to calm down.
You float gracefully downwards.
The acid blob completely misses you.
Shadows whirl around the shining eye...
Unknown command.
Unknown command.
Unknown command.
Unknown command.
Unknown command.
Unknown command.
Unknown command.
You feel much better.
This wand has 0 charges left.
You are engulfed in raging winds.
The acid blob spits acid at you. The splash of acid misses you.
The acid blob completely misses you.
The slime creature tries to attack you, but flinches away.
An acid blob comes into view.
You regained 28 hp, and now have 35/197 hp.
Unknown command.
Unknown command.
Unknown command.
Unknown command.
That item cannot be evoked!
Unknown command.
You feel strangely unstable.
This wand has 3 charges left.
The acid blob hits you!!
* * * LOW HITPOINT WARNING * * *
You are splashed with acid!
The acid corrodes your equipment!
The acid burns!
You die...

...........§§....J.J......,,,,,<,
................JJ.J.......,,,,,,
.................J.JJG......,,,,,
................J.J§JJJ.J....,,,*
............§....JJ..J..§.....***
...........§§.§..JJGJ...§....##
............§..§........§§§...#*
...............§§J.......§§....**
............§...@J.J.....§§.....*
................J..JJJ...§§§...#*
.............§§..JJJJ...§§§.....*
...............§§§..J...§§.....**
............§.....§.J...§§§....*
................§......§§....##*
......................§§.....#
.....................§#.....##
..##.........<.......####..##


You could see the royal jelly, 8 acid blobs, an azure jelly, 19 slime creatures,
2 shining eyes and 2 death oozes.

Vanquished Creatures
  An ancient lich (Vaults:4)
  Boris (Vaults:5)
  Margery (Vaults:4)
  Norris (Shoals:3)
  Saint Roka (Orc:4)
  Mara (Depths:1)
  A Killer Klown (Zot:3)
  4 golden dragons
  Xtahua (Vaults:2)
  Frederick (Vaults:4)
  An electric golem (Zot:2)
  Nikola (Spider:3)
  5 liches
  11 tentacled monstrosities
  3 quicksilver dragons
  3 titans
  Asterion (Shoals:1)
  2 deep elf blademasters (Elf:3)
  2 deep elf master archers (Elf:3)
  12 acid blobs
  Polyphemus (Shoals:2)
  A kraken (Shoals:3)
  Rupert (Lair:5)
  5 sphinxes
  6 storm dragons
  4 shadow dragons
  4 draconian monks
  10 fire giants
  2 tengu reavers
  Donald (Spider:2)
  Wiglaf (Shoals:4)
  6 azure jellies
  5 draconian scorchers
  10 frost giants
  Aizul (Depths:1)
  Louise (Spider:4)
  4 draconian knights
  6 draconian zealots
  A balrug (Depths:5)
  4 deep elf sorcerers
  11 emperor scorpions
  Gastronok (Lair:1)
  6 ghost moths
  8 vault wardens
  Jorgrun (Depths:1)
  2 draconian annihilators
  27 stone giants
  A war gargoyle (Vaults:4)
  A draconian caller (Zot:4)
  3 draconian shifters
  13 very ugly things
  11 rakshasas
  9 ironheart preservers
  5 grey draconians
  10 deep elf demonologists
  4 purple draconians
  6 green draconians
  8 deep elf annihilators
  2 white draconians
  5 dire elephants
  6 black draconians
  9 red draconians
  4 yellow draconians
  3 mottled draconians
  3 pale draconians
  A lorocyproca (Depths:3)
  Snorg (Shoals:2)
  3 death oozes (Slime:6)
  14 vault guards
  22 fire dragons
  13 ettins
  4 merfolk javelineers
  5 deep elf death magi (Elf:3)
  7 minotaurs
  7 merfolk impalers
  15 great orbs of eyes
  Josephine (D:11)
  19 yaktaur captains
  2 deep elf high priests (Elf:3)
  Fannar (D:15)
  The ghost of Zugr the Grappler, a powerful MiFi of Cheibriados (D:14)
  Harold (D:11)
  5 death cobs
  15 ice dragons
  3 catoblepae
  11 hydras
  An anaconda (shapeshifter) (Depths:4)
  Nessos (Orc:4)
  5 deep troll earth magi
  10 centaur warriors
  6 merfolk avatars
  2 satyrs
  5 merfolk aquamancers
  3 spriggan air magi
  2 dancing weapons (Elf:2)
  2 alligator snapping turtles
  15 ogre magi
  A vampire mage (Depths:3)
  9 deep troll shamans
  30 death yaks
  A death yak (shapeshifter) (Depths:3)
  2 spriggan berserkers
  A shadow wraith (Vaults:4)
  An orc high priest (Orc:4)
  Nergalle (D:13)
  17 deep elf knights
  2 sun demons (Depths:5)
  2 fire crabs (Vaults:4)
  10 skeletal warriors
  4 hell knights
  10 sea snakes
  A giant orange brain (Abyss:1)
  An iron troll (Depths:4)
  3 unseen horrors
  6 flayed ghosts
  15 deep elf summoners
  A spriggan druid (Depths:1)
  21 ironbrand convokers
  3 swamp dragons (Depths:5)
  19 deep trolls
  10 hill giants
  22 harpies
  A sphinx zombie (Depths:4)
  A hill giant (shapeshifter) (Depths:5)
  14 orb spiders
  18 deep elf conjurers
  13 griffons
  6 necromancers
  A harpy (shapeshifter) (Depths:5)
  A shining eye (shapeshifter) (Vaults:3)
  5 fauns
  72 ugly things
  A draconian (shapeshifter) (Depths:3)
  9 manticores
  15 orc knights
  25 wolf spiders
  10 cyclopes
  A salamander (shapeshifter) (Vaults:1)
  A wolf spider (shapeshifter) (D:15)
  9 shining eyes
  4 orc sorcerers
  2 phantasmal warriors
  5 water nymphs
  A fire giant zombie (Vaults:4)
  15 elephants (Lair:2)
  2 salamanders
  4 mana vipers
  9 hornets
  Maurice (D:11)
  9 sirens
  7 spiny frogs
  An eye of devastation (Slime:5)
  Joseph (Lair:1)
  21 vault sentinels
  5 gargoyles
  14 moths of wrath
  A smoke demon (Elf:3)
  6 torpor snails
  5 spectral swamp worms (Depths:2)
  A black mamba (Lair:6)
  A fire drake (Lair:3)
  A komodo dragon (shapeshifter) (Vaults:3)
  2 centaur skeletons
  An orange demon (Depths:3)
  An elf skeleton (Depths:4)
  A spiny frog (shapeshifter) (Vaults:1)
  73 yaktaurs
  6 komodo dragons
  7 trolls
  A yaktaur (shapeshifter) (Vaults:5)
  11 demonic crawlers
  A tengu conjurer (D:13)
  11 blink frogs
  3 blue devils
  A queen bee (shapeshifter) (Elf:1)
  22 jumping spiders
  An ancient zyme (Abyss:1)
  26 merfolk
  14 deep elf priests
  A red devil (Depths:1)
  Sonja (Orc:3)
  12 polar bears
  6 wind drakes
  A blink frog (shapeshifter) (Vaults:4)
  A raiju (Abyss:1)
  18 two-headed ogres
  A giant leech (Lair:8)
  A golden dragon simulacrum (Depths:4)
  4 freezing wraiths
  Grinder (D:5)
  9 boulder beetles
  11 snapping turtles
  A slime creature (shapeshifter) (Vaults:2)
  76 slime creatures
  3 ravens
  2 basilisks (Lair:5)
  A raven (shapeshifter) (Vaults:5)
  20 trapdoor spiders
  An air elemental (Depths:4)
  A spriggan (shapeshifter) (Elf:3)
  9 wraiths
  12 water elementals
  A ynoxinul (Depths:3)
  54 yaks
  26 tarantellas
  5 wyverns
  A hungry ghost (Shoals:1)
  A chaos spawn (Elf:3)
  2 elf zombies
  A human (D:7)
  A neqoxec (Abyss:1)
  64 redbacks
  A yak (shapeshifter) (Vaults:3)
  A hog (shapeshifter) (Vaults:2)
  2 spriggans (Depths:4)
  26 deep elf magi
  A human (shapeshifter) (Vaults:1)
  10 wolves
  10 hippogriffs
  9 golden eyes
  8 wargs
  13 vampire mosquitoes
  26 deep elf fighters
  3 steam dragons (Depths:5)
  17 water moccasins
  Edmund (D:7)
  2 soldier ants (D:12)
  Menkaure (D:4)
  2 mottled dragons
  10 porcupines
  31 orc warriors
  13 ice beasts
  3 eyes of draining
  23 spiders
  5 wasps
  2 sky beasts
  2 black bears (shapeshifter)
  3 necrophages
  3 black bears
  6 boring beetles
  12 crocodiles
  An ogre (shapeshifter) (Depths:4)
  28 centaurs
  20 boggarts
  3 phantoms
  58 ogres
  3 big kobolds
  Duvessa (D:7)
  A boring beetle (shapeshifter) (Vaults:2)
  30 giant frogs
  Blork the orc (D:7)
  A wyvern zombie (D:8)
  A wyvern skeleton (D:8)
  5 scorpions
  16 killer bees
  4 wights (D:15)
  3 human simulacra
  6 electric eels
  A goliath beetle (shapeshifter) (Elf:2)
  Dowan (D:7)
  8 crimson imps
  2 goliath beetles
  4 centaur zombies
  10 hounds
  20 jellies
  2 giant frog zombies
  44 orc wizards
  2 quasits
  2 iron imps
  17 orc priests
  4 giant frog skeletons
  7 iguanas
  3 hell rats
  An iguana (shapeshifter) (Depths:4)
  15 worker ants
  A killer bee zombie (D:8)
  20 sheep
  5 small abominations
  A hound skeleton (D:5)
  2 worker ant zombies (D:7)
  27 adders
  5 gnolls
  7 shadow imps
  4 white imps
  A giant mite (D:3)
  34 river rats
  A worm (D:1)
  8 ufetubi
  An adder zombie (D:11)
  An adder skeleton (D:6)
  8 giant geckos
  An ooze (D:6)
  197 orcs
  A ball python (D:3)
  13 bats
  24 goblins
  19 hobgoblins
  15 jackals
  8 giant cockroaches
  9 giant newts
  26 kobolds
  3 orc zombies (Orc:4)
  11 quokkas
  A quokka zombie (D:9)
  27 rats
  29 butterflies
  A crawling corpse (Vaults:3)
  5 fungi
2620 creatures vanquished.

Vanquished Creatures (collateral kills)
  5 tentacled monstrosities
  4 acid blobs
  2 titans
  7 storm dragons
  2 fire giants
  A vault warden (Vaults:2)
  3 iron dragons
  A deep elf sorcerer (Elf:3)
  4 frost giants
  An emperor scorpion (Depths:3)
  2 stone giants
  A rakshasa (D:15)
  A very ugly thing (Depths:3)
  A vampire knight (Depths:5)
  A purple draconian (Zot:1)
  A yellow draconian (Zot:1)
  2 deep elf demonologists (Elf:3)
  2 deep elf annihilators (Elf:3)
  A dire elephant (Depths:3)
  5 ettins
  A minotaur (Depths:5)
  2 vault guards
  2 deep elf death magi
  2 deep elf high priests (Vaults:4)
  A great orb of eyes (Slime:6)
  An ogre mage (Depths:2)
  An ice dragon (Depths:4)
  4 hydras
  A catoblepas (Depths:2)
  4 death yaks
  6 deep troll shamans
  A tengu warrior (Depths:4)
  3 deep troll earth magi
  Urug (D:13)
  A deep elf knight (Elf:3)
  A spriggan (Depths:2)
  6 hell knights
  A storm dragon skeleton (Depths:4)
  Erolcha (D:14)
  A salamander mystic (Depths:2)
  An iron troll (Depths:3)
  15 deep trolls
  A deep elf summoner (Elf:1)
  A tengu zombie (Vaults:5)
  A harpy (Shoals:1)
  An ironbrand convoker (Vaults:1)
  A sphinx zombie (Vaults:5)
  A wolf spider (shapeshifter) (Vaults:1)
  4 necromancers
  A deep elf conjurer (Elf:3)
  6 wolf spiders
  A frost giant zombie (Depths:4)
  A phantasmal warrior (Depths:5)
  4 elephants (Lair:2)
  A moth of wrath (Zot:3)
  A salamander (Depths:2)
  6 ugly things
  An iron dragon skeleton (Depths:4)
  A deathcap (Zot:1)
  12 spiny frogs
  A torpor snail (Lair:4)
  4 yaktaurs
  2 demonic crawlers
  A golden dragon simulacrum (Vaults:5)
  6 komodo dragons
  2 trolls (D:13)
  2 two-headed ogres
  A merfolk (Shoals:4)
  3 polar bears
  3 ravens
  7 blink frogs
  A giant leech (Lair:8)
  7 slime creatures
  8 redbacks
  An air elemental (Depths:4)
  2 trapdoor spiders (Lair:4)
  2 wraiths (D:11)
  5 deep elf magi
  A water elemental (Depths:2)
  2 hippogriffs
  27 yaks
  2 deep elf fighters (Elf:1)
  A mottled dragon (Vaults:1)
  A human zombie (Vaults:4)
  2 vampire mosquitoes
  2 necrophages
  4 wolves (IceCv)
  A wasp (Depths:2)
  An ice beast (Depths:5)
  A water moccasin (Lair:8)
  3 orc warriors
  A crocodile (Lair:7)
  5 ogres
  6 giant frogs (Lair:8)
  4 killer bees (D:13)
  An electric eel (Lair:8)
  An elf zombie (Vaults:3)
  An orc priest (Orc:4)
  An orc wizard (Orc:4)
  4 river rats (Lair:1)
  7 orcs
  A quokka (Lair:4)
  An orc skeleton (Orc:4)
  2 orc zombies (Orc:4)
290 creatures vanquished.

Vanquished Creatures (others)
  A tentacled monstrosity (Zot:3)
  An acid blob (Slime:6)
  A tengu reaver (Depths:3)
  A storm dragon (Zot:3)
  An azure jelly (Slime:2)
  A frost giant (Depths:4)
  3 stone giants
  A very ugly thing (Depths:4)
  A dire elephant (Depths:4)
  A white draconian (Zot:1)
  2 minotaurs (Depths:3)
  A great orb of eyes (Depths:2)
  2 ettins
  A death cob (Zot:1)
  3 yaktaur captains
  6 ice dragons
  A ghost crab (shapeshifter) (Depths:4)
  A deep troll earth mage (Depths:5)
  A centaur warrior (Depths:4)
  2 death yaks (Depths:3)
  2 ogre magi (Depths:2)
  3 deep troll shamans
  A spriggan berserker (Depths:3)
  A deep elf knight (Depths:3)
  A shadow wraith (Vaults:3)
  5 deep trolls
  A shining eye (Slime:2)
  A phantasmal warrior (Vaults:3)
  2 hill giants (Depths:3)
  An orb spider (Spider:3)
  2 ugly things
  4 moths of wrath
  10 drowned souls
  A rust devil (Elf:3)
  13 mana vipers
  A torpor snail (Depths:4)
  A red devil (Depths:3)
  10 yaktaurs
  2 deep elf priests
  A komodo dragon (shapeshifter) (Depths:4)
  2 tengu conjurers
  4 polar bears (IceCv)
  5 slime creatures
  2 wandering mushrooms (Zot:4)
  3 two-headed ogres (Depths:2)
  A vampire (Depths:1)
  An air elemental (Depths:4)
  A deep elf fighter (Vaults:3)
  A steam dragon (shapeshifter) (Depths:2)
  3 golden eyes (Slime:5)
  145 ice beasts
  6 ogres
  3 lost souls
  A black bear (shapeshifter) (Depths:3)
  9 boggarts
  2 centaurs (Depths:2)
  A spectral felid (Depths:4)
  7 jellies
  An adder (D:11)
  33 butterflies
  9 fungi
  13 plants
  10 starspawn tentacles (Abyss:1)
  362 starspawn tentacle segments (Abyss:1)
720 creatures vanquished.

Grand Total: 3630 creatures vanquished

Notes
Turn   | Place    | Note
--------------------------------------------------------------
     0 | D:1      | RobertPalmer, the Octopode Warper, began the quest for the Orb.
     0 | D:1      | Reached XP level 1. HP: 14/14 MP: 3/3
   144 | D:1      | Reached XP level 2. HP: 16/19 MP: 4/4
   475 | D:1      | Reached skill level 3 in Short Blades
   686 | D:1      | Reached XP level 3. HP: 24/24 MP: 6/6
  1101 | D:2      | Found a sacrificial altar of Ru.
  1131 | D:2      | Reached skill level 4 in Short Blades
  1167 | D:2      | Reached XP level 4. HP: 29/29 MP: 7/7
  1852 | D:3      | Reached skill level 5 in Short Blades
  1864 | D:3      | Reached XP level 5. HP: 29/34 MP: 9/9
  2170 | D:3      | Found a glowing drain.
  2334 | Sewer    | Entered a sewer
  2511 | Sewer    | Gained mutation: You are partially covered in rough black scales (AC +4, Dex -1). [potion of beneficial mutation]
  2543 | Sewer    | Reached skill level 6 in Short Blades
  2543 | Sewer    | Reached XP level 6. HP: 34/39 MP: 10/10
  2564 | Sewer    | Found a white marble altar of Elyvilon.
  2997 | D:3      | Reached skill level 7 in Short Blades
  3022 | D:3      | Learned a level 2 spell: Blink
  3038 | D:3      | Learned a level 3 spell: Teleport Other
  3258 | D:4      | Noticed a troll
  3406 | D:4      | Found a staircase to the Ecumenical Temple.
  3416 | Temple   | Entered the Ecumenical Temple
  3456 | Temple   | Became a worshipper of Dithmenos the Shadowed
  3508 | D:4      | Reached skill level 1 in Stealth
  3657 | D:4      | Noticed Radiman's ghost (experienced CeFi)
  3871 | D:4      | HP: 8/39 [troll (8)]
  4008 | D:3      | Reached skill level 2 in Stealth
  4111 | D:4      | Noticed Menkaure
  4116 | D:4      | HP: 7/39 [??? (5)]
  4132 | D:4      | Reached skill level 3 in Stealth
  4132 | D:4      | Reached XP level 7. HP: 13/45 MP: 12/12
  4148 | D:4      | Killed Menkaure
  4148 | D:4      | Reached skill level 4 in Stealth
  4438 | D:4      | Reached skill level 5 in Stealth
  4753 | D:5      | Entered Level 5 of the Dungeon
  4756 | D:5      | Noticed abixa's ghost (experienced HuWr)
  4814 | D:4      | Reached skill level 6 in Stealth
  5015 | D:4      | Reached skill level 7 in Stealth
  5351 | D:4      | HP: 10/45 [Radiman's ghost (11)]
  5684 | D:6      | Reached XP level 8. HP: 48/50 MP: 13/13
  5686 | D:6      | Reached skill level 8 in Stealth
  5872 | D:6      | Reached skill level 9 in Stealth
  5926 | D:5      | Noticed Grinder
  5931 | D:5      | Paralysed by Grinder for 6 turns
  5941 | D:5      | Killed Grinder
  5941 | D:5      | Reached skill level 10 in Stealth
  6230 | D:5      | Reached skill level 11 in Stealth
  6476 | D:7      | Noticed Duvessa
  6476 | D:7      | Noticed Dowan
  6478 | D:7      | Killed Duvessa
  6489 | D:7      | Killed Dowan
  6766 | D:7      | Reached skill level 12 in Stealth
  6931 | D:7      | Reached XP level 9. HP: 36/54 MP: 14/14
  7092 | D:7      | Reached skill level 3 in Dodging
  7104 | D:7      | Acquired Dithmenos' first power
  7142 | D:7      | Found a bloodstained altar of Trog.
  7158 | D:7      | Noticed Edmund
  7199 | D:7      | Reached skill level 4 in Dodging
  7374 | D:7      | Noticed Blork the orc
  7378 | D:7      | Killed Edmund
  7378 | D:7      | Reached skill level 1 in Shields
  7383 | D:7      | Reached skill level 2 in Shields
  7388 | D:7      | Killed Blork the orc
  7653 | D:7      | Reached skill level 3 in Shields
  7695 | D:8      | Reached skill level 5 in Dodging
  8339 | D:8      | Reached skill level 6 in Dodging
  8619 | D:8      | Reached skill level 7 in Dodging
  8848 | D:8      | Reached XP level 10. HP: 60/60 MP: 16/16
  9006 | D:9      | Noticed puimuR's ghost (experienced DsSk)
  9064 | D:9      | Found Zainkiow's Gadget Emporium.
  9276 | D:9      | Reached skill level 8 in Dodging
  9524 | D:10     | Entered Level 10 of the Dungeon
  9607 | D:10     | Acquired Dithmenos' second power
  9659 | D:10     | Reached skill level 13 in Stealth
  9691 | D:10     | Found a staircase to the Orcish Mines.
  9842 | D:10     | Noticed a hill giant
  9849 | D:10     | Killed a hill giant
  9854 | D:10     | Reached skill level 14 in Stealth
  9936 | D:10     | Found a shimmering altar of Xom.
 10318 | D:10     | Reached skill level 15 in Stealth
 10764 | D:11     | Noticed a purple ugly thing
 10817 | D:11     | Noticed a five-headed hydra
 10820 | D:11     | Killed a five-headed hydra
 10820 | D:11     | Reached skill level 16 in Stealth
 10820 | D:11     | Reached XP level 11. HP: 64/64 MP: 12/17
 10955 | D:11     | Noticed Harold
 10962 | D:11     | Killed Harold
 10962 | D:11     | Reached skill level 17 in Stealth
 11010 | D:11     | Noticed Maurice
 11018 | D:11     | Killed Maurice
 11044 | D:11     | Noticed a green ugly thing
 11049 | D:11     | Killed a green ugly thing
 11049 | D:11     | Reached skill level 18 in Stealth
 11086 | D:11     | Noticed a hill giant
 11677 | Orc:1    | Entered Level 1 of the Orcish Mines
 11906 | Orc:2    | Found Woempily's Book Shop.
 11917 | Orc:2    | Acquired Dithmenos' third power
 11934 | Orc:2    | Bought a book of Frost for 420 gold pieces
 11942 | Orc:2    | Learned a level 3 spell: Ozocubu's Armour
 11944 | Orc:2    | Learned a level 1 spell: Freeze
 12155 | Orc:2    | Reached skill level 1 in Ice Magic
 12211 | Orc:2    | Found an iron altar of Okawaru.
 12819 | Orc:2    | Reached skill level 2 in Ice Magic
 12926 | Orc:2    | Reached skill level 3 in Ice Magic
 13346 | Orc:3    | Noticed Sonja
 13356 | Orc:3    | Cast into the Abyss (Sonja)
 13449 | Abyss:1  | Found a shimmering altar of Xom.
 13449 | Abyss:1  | Found a shimmering altar of Xom.
 13449 | Abyss:1  | Found a shimmering altar of Xom.
 13451 | Abyss:1  | Found a shimmering altar of Xom.
 13451 | Abyss:1  | Found a shimmering altar of Xom.
 13451 | Abyss:1  | Found a corrupted altar of Lugonu.
 13451 | Abyss:1  | Found a shimmering altar of Xom.
 13451 | Abyss:1  | Found a shimmering altar of Xom.
 13451 | Abyss:1  | Found a shimmering altar of Xom.
 13463 | Abyss:1  | Noticed a wretched star
 13467 | Abyss:1  | Found a shimmering altar of Xom.
 13493 | Abyss:1  | Noticed an Executioner
 13594 | Abyss:1  | Noticed a wretched star
 13605 | Orc:3    | Escaped the Abyss
 13900 | Orc:3    | Reached skill level 4 in Ice Magic
 14449 | Orc:4    | Entered Level 4 of the Orcish Mines
 14582 | Orc:4    | Reached skill level 5 in Ice Magic
 14688 | Orc:3    | Killed Sonja
 15025 | D:11     | Reached XP level 12. HP: 70/70 MP: 18/18
 15037 | D:11     | Reached skill level 6 in Ice Magic
 15099 | D:11     | Noticed Josephine
 15177 | D:11     | Killed a hill giant
 15503 | D:13     | Reached skill level 7 in Ice Magic
 15686 | D:13     | Found a gate to the Vaults.
 15687 | D:13     | Acquired Dithmenos' fourth power
 15913 | D:13     | Noticed Nergalle
 15917 | D:13     | Killed Nergalle
 15917 | D:13     | Reached skill level 8 in Ice Magic
 15941 | D:13     | Found Biutuimabb's Gadget Shoppe.
 16069 | D:13     | Noticed Erolcha
 16261 | D:13     | Noticed Urug
 16431 | D:11     | Found a staircase to the Lair.
 16449 | Lair:1   | Entered Level 1 of the Lair of Beasts
 16630 | Lair:1   | Noticed Joseph
 16637 | Lair:1   | Killed Joseph
 16664 | Lair:1   | Noticed a six-headed hydra
 16685 | Lair:1   | Noticed Gastronok
 16914 | Lair:1   | Killed Gastronok
 16914 | Lair:1   | Reached skill level 19 in Stealth
 17015 | Lair:1   | Learned a level 4 spell: Summon Ice Beast
 17081 | Lair:1   | Killed a six-headed hydra
 17081 | Lair:1   | Reached skill level 2 in Summonings
 17126 | Lair:1   | Reached skill level 3 in Summonings
 17449 | Lair:1   | Reached skill level 4 in Summonings
 17768 | Lair:2   | Found a frozen archway.
 17797 | Lair:2   | Reached skill level 5 in Summonings
 17810 | IceCv    | Entered an ice cave
 17892 | IceCv    | Reached skill level 6 in Summonings
 17902 | IceCv    | Reached XP level 13. HP: 70/74 MP: 17/19
 18048 | IceCv    | Reached skill level 7 in Summonings
 18299 | IceCv    | Noticed a death yak
 18303 | IceCv    | Killed a death yak
 18334 | IceCv    | Reached skill level 8 in Summonings
 18573 | IceCv    | Noticed a death yak
 18573 | IceCv    | Noticed a white draconian
 18573 | IceCv    | Noticed a death yak
 18580 | IceCv    | Lost mutation: You are partially covered in rough black scales (AC +4, Dex -1). [potion of cure mutation]
 18581 | IceCv    | Gained mutation: You have a pair of small antennae on your head. [potion of mutation]
 18581 | IceCv    | Gained mutation: You are clumsy. (Dex -2) [potion of mutation]
 18581 | IceCv    | Gained mutation: Your muscles are strong. (Str +2) [potion of mutation]
 19358 | Lair:2   | Reached skill level 20 in Stealth
 20577 | Lair:2   | Reached skill level 21 in Stealth
 20898 | Lair:3   | Got a scintillating lapis lazuli ring
 20900 | Lair:3   | Identified the ring of Azettuus {Int+5 Slay+3} (You found it on level 3 of the Lair of Beasts)
 21111 | Lair:3   | Reached skill level 9 in Ice Magic
 21376 | Lair:3   | Found a staircase to the Shoals.
 21663 | Lair:3   | Got a smoking copper ring
 21665 | Lair:3   | Identified the ring "Ciagigog" {+Fly Dex+3 Stlth+} (You found it on level 3 of the Lair of Beasts)
 21917 | Lair:4   | Reached skill level 10 in Ice Magic
 22084 | Lair:4   | Reached XP level 14. HP: 79/81 MP: 13/20
 22112 | Lair:4   | Found a hole to the Spider Nest.
 23127 | Lair:4   | Reached skill level 11 in Ice Magic
 23522 | Lair:5   | Noticed Rupert
 23524 | Lair:5   | Killed Rupert
 23702 | Lair:5   | Found a hole to the Spider Nest.
 24267 | Lair:6   | Found an iron altar of Okawaru.
 24531 | Lair:6   | Reached skill level 12 in Ice Magic
 25649 | Lair:7   | Reached skill level 13 in Ice Magic
 26299 | Lair:8   | Entered Level 8 of the Lair of Beasts
 26581 | Lair:8   | Found a staircase to the Slime Pits.
 26641 | Lair:8   | Reached skill level 3 in Fighting
 26816 | Lair:8   | Reached skill level 4 in Fighting
 27149 | Lair:8   | Reached skill level 5 in Fighting
 28024 | Lair:8   | Reached XP level 15. HP: 92/94 MP: 21/21
 28117 | Lair:8   | Reached skill level 6 in Fighting
 28344 | Lair:8   | HP: 19/94 [acid (15)]
 28705 | Lair:6   | You fall through a shaft for 2 floors!
 29136 | D:11     | Reached skill level 7 in Fighting
 29141 | D:11     | Killed a purple ugly thing
 29774 | D:11     | Killed Josephine
 29805 | D:11     | HP: 24/99 [wraith[Josephine] (11)]
 29810 | D:11     | HP: 15/99 [wraith[Josephine] (7)]
 30661 | Orc:4    | Reached skill level 8 in Fighting
 30801 | Orc:4    | Noticed an orc knight
 30803 | Orc:4    | Noticed an orc knight
 30806 | Orc:4    | Found a roughly hewn altar of Beogh.
 30808 | Orc:4    | Noticed an orc high priest
 30809 | Orc:4    | Killed an orc knight
 30810 | Orc:4    | Noticed Saint Roka
 30882 | Orc:4    | Killed an orc knight
 30976 | Orc:4    | Noticed Nessos
 30978 | Orc:4    | Killed Nessos
 30994 | Orc:4    | Found a staircase to the Elven Halls.
 31347 | Orc:4    | Killed an orc high priest
 31349 | Orc:4    | Noticed an orc knight
 31702 | Orc:4    | Paralysed by an orc sorcerer for 5 turns
 31740 | Orc:4    | Reached skill level 9 in Fighting
 31776 | Orc:4    | Killed an orc knight
 32741 | Orc:4    | Killed Saint Roka
 32771 | Orc:4    | Found Katetum's General Store.
 32814 | Orc:4    | Found Afimpaigg's Jewellery Boutique.
 32821 | Orc:4    | Bought the amulet "Puwuutege" {Gourm +Inv} for 572 gold pieces
 32832 | Orc:4    | Found Aphuxuvapt's Antique Armour Boutique.
 32849 | Orc:4    | Found Guumowk's Antique Weapon Boutique.
 32878 | Orc:4    | Bought a scroll of teleportation for 45 gold pieces
 32878 | Orc:4    | Bought a scroll of amnesia for 52 gold pieces
 32955 | D:12     | Reached skill level 1 in Evocations
 33021 | D:12     | Reached skill level 2 in Evocations
 33046 | D:12     | Reached skill level 3 in Evocations
 33072 | D:12     | HP: 23/103 [orc priest/divine providence (11)]
 33079 | D:12     | HP: 8/103 [orc warrior/dire flail (22)]
 34110 | D:13     | Reached skill level 4 in Evocations
 34191 | D:13     | Killed Urug
 34191 | D:13     | Reached skill level 5 in Evocations
 34599 | D:13     | Noticed a yaktaur captain
 35690 | D:13     | Noticed an ogre mage
 35752 | D:13     | Killed an ogre mage
 35752 | D:13     | Reached skill level 6 in Evocations
 35961 | D:13     | Killed a yaktaur captain
 36141 | D:13     | Reached skill level 7 in Evocations
 37022 | D:14     | Reached skill level 8 in Evocations
 37031 | D:14     | Killed Erolcha
 37330 | D:14     | Reached skill level 9 in Evocations
 37673 | D:14     | Noticed Zugr's ghost (powerful MiFi)
 37690 | D:14     | Killed Zugr's ghost
 37778 | D:15     | Entered Level 15 of the Dungeon
 37838 | D:15     | Reached XP level 16. HP: 109/109 MP: 29/29
 37840 | D:15     | Reached skill level 10 in Evocations
 37846 | D:15     | Noticed Fannar
 37855 | D:15     | Killed Fannar
 38464 | D:15     | Found a staircase to the Depths.
 38715 | D:15     | Reached skill level 22 in Stealth
 39406 | Shoals:1 | Entered Level 1 of the Shoals
 39873 | Shoals:1 | Noticed Asterion
 39875 | Shoals:1 | Killed Asterion
 39944 | Shoals:1 | Reached skill level 23 in Stealth
 40447 | Shoals:2 | Found Zocelu's Jewellery Boutique.
 40451 | Shoals:2 | Bought the ring of the Hippo {+Fly rN+ Str-3 Int+5 Stlth+} for 663 gold pieces
 40451 | Shoals:2 | Bought the ring of Xomofez {Wiz MP+9} for 481 gold pieces
 40546 | Shoals:2 | Noticed Snorg
 40553 | Shoals:2 | Killed Snorg
 40902 | Shoals:3 | Reached skill level 9 in Dodging
 40954 | Shoals:3 | Noticed Norris
 40961 | Shoals:3 | Killed Norris
 40961 | Shoals:3 | Reached skill level 10 in Dodging
 40961 | Shoals:3 | Reached XP level 17. HP: 88/114 MP: 30/30
 41111 | Shoals:3 | Noticed a kraken
 41119 | Shoals:3 | Killed a kraken
 41167 | Shoals:3 | Identified the Almanac of Transmigration and Snow (You found it on level 3 of the Shoals)
 41223 | Shoals:3 | Reached skill level 11 in Dodging
 41293 | Shoals:3 | Identified a +0 rod of clouds (13/13) (You found it on level 3 of the Shoals)
 41383 | Shoals:4 | Noticed Roxanne
 41589 | Shoals:4 | HP: 25/114 [alligator snapping turtle (28)]
 41688 | Shoals:4 | Noticed Wiglaf
 41892 | Shoals:4 | Killed Wiglaf
 42152 | Shoals:4 | Reached skill level 12 in Dodging
 42308 | Shoals:4 | Noticed Kirke
 42445 | Shoals:2 | Noticed Polyphemus
 42736 | D:11     | Killed an unseen horror
 43288 | Orc:2    | Bought a book of Clouds for 540 gold pieces
 43297 | Orc:2    | Learned a level 6 spell: Freezing Cloud
 43438 | D:11     | Reached skill level 1 in Air Magic
 43643 | Shoals:2 | Reached skill level 2 in Air Magic
 43647 | Shoals:2 | Killed Polyphemus
 43647 | Shoals:2 | Reached skill level 3 in Air Magic
 43783 | Shoals:4 | Reached skill level 4 in Air Magic
 44539 | Shoals:5 | Entered Level 5 of the Shoals
 44542 | Shoals:5 | Reached skill level 5 in Air Magic
 44828 | Shoals:5 | Reached skill level 6 in Air Magic
 45463 | Shoals:5 | Reached skill level 7 in Air Magic
 45475 | Shoals:5 | Reached skill level 8 in Air Magic
 45479 | Shoals:5 | Got a barnacled rune of Zot
 46093 | Spider:1 | Entered Level 1 of the Spider Nest
 46106 | Spider:1 | Reached XP level 18. HP: 120/120 MP: 31/31
 46118 | Spider:1 | Reached skill level 9 in Air Magic
 46370 | Spider:1 | Lost mutation: You are clumsy. (Dex -2) [potion of cure mutation]
 46370 | Spider:1 | Lost mutation: Your muscles are strong. (Str +2) [potion of cure mutation]
 46370 | Spider:1 | Lost mutation: You have a pair of small antennae on your head. [potion of cure mutation]
 46597 | Spider:1 | Gained mutation: You are weak. (Str -2) [mutagenic glow]
 46764 | Spider:2 | Noticed Donald
 46785 | Spider:2 | Killed Donald
 46826 | Spider:2 | Reached skill level 10 in Air Magic
 47145 | Spider:3 | Noticed Nikola
 47147 | Spider:3 | Killed Nikola
 47147 | Spider:3 | Reached skill level 3 in Spellcasting
 47309 | Spider:3 | Reached skill level 4 in Spellcasting
 47940 | Spider:3 | Reached skill level 5 in Spellcasting
 47975 | Spider:4 | Noticed Louise
 47981 | Spider:4 | Killed Louise
 48275 | Spider:4 | Reached skill level 6 in Spellcasting
 49390 | Spider:5 | Entered Level 5 of the Spider Nest
 49410 | Spider:5 | Reached skill level 7 in Spellcasting
 49752 | Spider:5 | Reached skill level 11 in Air Magic
 50507 | Spider:4 | Upgraded the game from 0.16.1-4-g8e1b745 to 0.16.1-5-gaa23807
 51033 | Elf:1    | Entered Level 1 of the Elven Halls
 51493 | Elf:1    | Reached skill level 12 in Air Magic
 51610 | Elf:1    | Found Vouhacsu's Distillery.
 52025 | Elf:1    | Reached XP level 19. HP: 122/122 MP: 32/32
 52501 | Elf:2    | Found a huge runed gate.
 52501 | Elf:2    | Found a huge runed gate.
 52501 | Elf:2    | Found a huge runed gate.
 52502 | Elf:2    | Found a huge runed gate.
 52502 | Elf:2    | Found a huge runed gate.
 52554 | Elf:2    | Reached skill level 13 in Air Magic
 52909 | Elf:2    | Got a heavily runed ruby amulet
 52911 | Elf:2    | Identified the amulet of Pisialef {+Rage Str+3} (You found it on level 2 of the Elven Halls)
 53080 | Elf:3    | Entered Level 3 of the Elven Halls
 53080 | Elf:3    | Found a portal to a secret trove of treasure.
 53205 | Elf:1    | Bought a potion of beneficial mutation for 560 gold pieces
 53207 | Elf:1    | Gained mutation: You are partially covered in iridescent scales (AC +4). [potion of beneficial mutation]
 53413 | Elf:3    | Found Fiugogg's Food Emporium.
 54205 | Elf:3    | Reached skill level 1 in Invocations
 54403 | Elf:3    | Reached skill level 2 in Invocations
 54458 | Elf:3    | Reached skill level 3 in Invocations
 54564 | Elf:3    | Reached skill level 4 in Invocations
 54696 | Elf:3    | Reached skill level 5 in Invocations
 54757 | Elf:3    | Reached skill level 6 in Invocations
 54769 | Elf:3    | Cast into the Abyss (a deep elf demonologist)
 54974 | Abyss:1  | Noticed a bone dragon
 55028 | Abyss:1  | Found a corrupted altar of Lugonu.
 55172 | Elf:3    | Escaped the Abyss
 55360 | Elf:3    | Reached skill level 7 in Invocations
 55369 | Elf:3    | Learned a level 1 spell: Summon Butterflies
 55402 | Elf:3    | Learned a level 5 spell: Summon Mana Viper
 55417 | Elf:3    | Cast into the Abyss (a deep elf sorcerer)
 55434 | Abyss:1  | Noticed an ancient lich
 56058 | Abyss:1  | Found a corrupted altar of Lugonu.
 56528 | Abyss:1  | Noticed a bone dragon
 56811 | Abyss:1  | Noticed a bone dragon
 57014 | Elf:3    | Escaped the Abyss
 57556 | Elf:3    | Reached skill level 8 in Invocations
 57605 | Elf:3    | Got a shimmering bone ring
 57606 | Elf:3    | Identified the ring of Cheibriados' Outrage {-Cast MR+ Int+5} (You took it off a deep elf blademaster on level 3 of the Elven Halls)
 58052 | Elf:3    | Noticed a Brimstone Fiend
 58234 | Elf:3    | Reached skill level 9 in Invocations
 58285 | Elf:3    | Identified the Disquisition on Confrontation (You found it on level 3 of the Elven Halls)
 58296 | Elf:3    | Learned a level 6 spell: Monstrous Menagerie
 58389 | Elf:3    | Learned a level 6 spell: Deflect Missiles
 58796 | Depths:1 | Entered Level 1 of the Depths
 58802 | Depths:1 | Reached skill level 10 in Invocations
 59054 | Depths:1 | Reached skill level 1 in Charms
 59327 | D:15     | Learned a level 4 spell: Summon Ice Beast
 59402 | D:15     | Reached skill level 2 in Charms
 59636 | Depths:1 | Reached XP level 20. HP: 94/128 MP: 32/32
 59650 | Depths:1 | Reached skill level 3 in Charms
 59892 | Depths:1 | Noticed Aizul
 60036 | Depths:1 | Noticed Mara
 60488 | D:15     | Reached skill level 8 in Short Blades
 60715 | Vaults:1 | Entered Level 1 of the Vaults
 60729 | Vaults:1 | Identified a +0 rod of clouds (14/14) (You found it on level 1 of the Vaults)
 61107 | Vaults:1 | Reached skill level 9 in Short Blades
 61300 | Vaults:1 | HP: 27/128 [vault sentinel/morningstar of protection (8)]
 61303 | Vaults:1 | Reached skill level 10 in Short Blades
 61334 | D:13     | HP: 27/128 [raven[a tengu conjurer] (6)]
 61339 | D:13     | HP: 27/128 [raven[a tengu conjurer] (2)]
 61348 | D:12     | HP: 18/128 [raven[a tengu conjurer] (6)]
 61643 | D:13     | HP: 32/128 [poisoned by a tengu reaver (poison gas)]
 61649 | D:13     | HP: 30/128 [poisoned by a tengu reaver (poison gas)]
 61654 | D:13     | HP: 30/128 [poisoned by a tengu reaver (poison gas)]
 61661 | D:13     | HP: 30/128 [poisoned by a tengu reaver (poison gas)]
 61669 | D:13     | HP: 30/128 [poisoned by a tengu reaver (poison gas)]
 62521 | Vaults:1 | Reached skill level 11 in Short Blades
 63089 | Vaults:1 | Reached skill level 12 in Short Blades
 63663 | Vaults:2 | Found Egaafut's Distillery.
 63719 | Vaults:2 | Bought 2 potions of haste for 420 gold pieces
 63728 | Vaults:2 | Found Nastriada's Jewellery Boutique.
 63820 | Vaults:2 | Reached skill level 13 in Short Blades
 64087 | Vaults:2 | Bought an uncursed ring of see invisible for 270 gold pieces
 64688 | Spider:5 | HP: 28/128 [emperor scorpion (11)]
 64698 | Spider:5 | HP: 16/128 [poisoned by an emperor scorpion]
 64704 | Spider:5 | HP: 16/128 [poisoned by an emperor scorpion]
 64709 | Spider:5 | HP: 16/128 [poisoned by an emperor scorpion]
 64715 | Spider:4 | HP: 17/128 [poisoned by an emperor scorpion]
 64965 | Spider:4 | Reached XP level 21. HP: 91/132 MP: 33/33
 65601 | Elf:1    | Bought a potion of curing for 48 gold pieces
 66183 | Spider:5 | Reached skill level 10 in Fighting
 66363 | Spider:5 | Got a gossamer rune of Zot
 67103 | Vaults:2 | Found Graib's Assorted Antiques.
 67112 | Vaults:2 | Found Iptaus' Gadget Boutique.
 67219 | Vaults:2 | Reached skill level 11 in Fighting
 67606 | Vaults:2 | Reached skill level 12 in Fighting
 67668 | Vaults:2 | Found Pnametel's Armour Shoppe.
 67669 | Vaults:2 | Noticed Xtahua
 67678 | Vaults:2 | Killed Xtahua
 68384 | Vaults:3 | Identified a scroll of acquirement
 68460 | Vaults:3 | Got a brightly glowing shield
 68461 | Vaults:3 | Identified the +0 shield of Puleazxe {Stlth+} (You acquired it on level 3 of the Vaults)
 68654 | Vaults:3 | Found a gateway to a bazaar.
 68659 | Bazaar   | Entered a bazaar
 68672 | Bazaar   | Found Kotabuh's Antique Armour Shoppe.
 68673 | Bazaar   | Found Ebixe's Assorted Antiques.
 68710 | Bazaar   | Found Sixtom's Assorted Antiques.
 68710 | Bazaar   | Found Shunayx's Magic Scroll Emporium.
 68728 | Bazaar   | Bought a scroll of teleportation for 30 gold pieces
 68838 | Vaults:3 | Reached skill level 13 in Fighting
 69299 | Vaults:3 | Found a staircase to the Crypt.
 69299 | Vaults:3 | Found an ancient bone altar of Kikubaaqudgha.
 69300 | Vaults:3 | Found a basalt altar of Yredelemnul.
 70383 | Vaults:3 | Reached skill level 14 in Fighting
 71208 | Vaults:4 | Noticed Margery
 71231 | Vaults:4 | Killed Margery
 71231 | Vaults:4 | Reached skill level 15 in Fighting
 71231 | Vaults:4 | Reached XP level 22. HP: 139/153 MP: 9/34
 71883 | Vaults:4 | Noticed Frederick
 71885 | Vaults:4 | Killed Frederick
 72033 | Vaults:4 | Reached skill level 16 in Fighting
 72886 | Vaults:5 | Entered Level 5 of the Vaults
 72981 | Vaults:4 | Upgraded the game from 0.16.1-5-gaa23807 to 0.16.1-7-g2c6721e
 73008 | Vaults:5 | Noticed Boris
 73011 | Vaults:5 | Killed Boris
 73565 | Vaults:5 | Noticed roverover's ghost (great FoFi)
 73709 | Vaults:5 | Reached skill level 17 in Fighting
 74071 | Vaults:5 | Noticed an ancient lich
 74414 | Vaults:5 | Reached skill level 18 in Fighting
 75468 | Vaults:5 | Learned a level 4 spell: Airstrike
 75480 | Vaults:5 | Reached XP level 23. HP: 153/168 MP: 17/34
 75875 | Vaults:5 | Got a silver rune of Zot
 76158 | Vaults:4 | Killed an ancient lich
 76158 | Vaults:4 | Reached skill level 19 in Fighting
 76746 | Vaults:5 | Paralysed by a sphinx for 2 turns
 78395 | Depths:1 | Killed Aizul
 78910 | Elf:3    | Learned a level 5 spell: Shadow Creatures
 79468 | Depths:1 | Noticed RobertPalmer's illusion
 79507 | Depths:1 | Reached skill level 14 in Air Magic
 79674 | Depths:1 | Found a one-way gate leading to the halls of Pandemonium.
 79765 | Depths:2 | Found a flickering gateway to a bazaar.
 79777 | Bazaar   | Entered a bazaar
 79779 | Bazaar   | Found Ghytwaes' Antique Weapon Boutique.
 79782 | Bazaar   | Found Lyad's Weapon Boutique.
 79783 | Bazaar   | Found Pneah's Antique Armour Boutique.
 79783 | Bazaar   | Found Gug Par's Antique Weapon Boutique.
 80453 | Depths:2 | Reached skill level 15 in Air Magic
 81631 | Depths:2 | Found a one-way gate to the infinite horrors of the Abyss.
 81633 | Depths:2 | Found a gateway to Hell.
 82399 | Depths:3 | Reached skill level 16 in Air Magic
 82862 | Depths:3 | Reached XP level 24. HP: 135/178 MP: 35/35
 83720 | Depths:3 | Paralysed by a great orb of eyes for 4 turns
 83827 | Depths:3 | Learned a level 2 spell: Sure Blade
 84069 | Depths:3 | Reached skill level 17 in Air Magic
 84080 | Depths:3 | HP: 44/178 [ettin/enchanted dire flail (27)]
 84594 | Depths:3 | HP: 39/178 [titan/the air (28)]
 85079 | Depths:3 | Identified the Guide on Combat Magic and Execration (You found it on level 3 of the Depths)
 85396 | Depths:4 | Found a flickering gateway to a bazaar.
 85406 | Bazaar   | Entered a bazaar
 85588 | Bazaar   | Found Raets' Jewellery Boutique.
 85594 | Bazaar   | Bought the brooch of Shielding {Ward rN+ AC+4 EV+4} for 834 gold pieces
 85611 | Bazaar   | Found Orid's Antique Weapon Shoppe.
 85629 | Bazaar   | Found Thraucer's Magic Scroll Boutique.
 85635 | Bazaar   | Bought 3 scrolls of fog for 66 gold pieces
 85635 | Bazaar   | Bought a scroll of fog for 22 gold pieces
 85647 | Bazaar   | Found Nydwav's Weapon Emporium.
 86094 | Depths:4 | Found Shrepheat's Magic Scroll Shop.
 86124 | Depths:4 | Bought a scroll of recharging for 171 gold pieces
 86124 | Depths:4 | Bought a scroll of magic mapping for 63 gold pieces
 86269 | Depths:4 | Reached skill level 8 in Spellcasting
 86544 | Depths:3 | Learned a level 9 spell: Tornado
 86683 | Depths:4 | HP: 44/178 [spriggan air mage/the air (21)]
 87075 | Depths:4 | Reached skill level 9 in Spellcasting
 87460 | Depths:4 | Found Miliegit's Distillery.
 87755 | Depths:4 | Reached skill level 10 in Spellcasting
 88172 | Depths:4 | Identified a +4 rod of inaccuracy (2/10) {!a} (You took it off a frost giant on level 4 of the Depths)
 88238 | Depths:4 | Reached skill level 11 in Spellcasting
 88414 | Depths:4 | Paralysed by a sphinx for 6 turns
 88435 | Depths:4 | Found a snail-covered altar of Cheibriados.
 88648 | Depths:5 | Entered Level 5 of the Depths
 88660 | Depths:5 | Found a gateway to a ziggurat.
 88725 | Depths:5 | Reached XP level 25. HP: 185/185 MP: 22/40
 88830 | Depths:5 | Reached skill level 12 in Spellcasting
 89393 | Depths:5 | Reached skill level 13 in Spellcasting
 89650 | Depths:5 | Found a gate to the Realm of Zot.
 90018 | Depths:5 | Got a slimy shield
 90020 | Depths:5 | Identified the -3 shield of the Sparrow {rC- MR+ Regen+} (You acquired it on level 5 of the Depths)
 90253 | Zot:1    | Entered Level 1 of the Realm of Zot
 90303 | Zot:1    | Reached skill level 14 in Spellcasting
 90763 | Depths:4 | Bought a scroll of enchant armour for 135 gold pieces
 92093 | Depths:1 | Reached skill level 15 in Spellcasting
 92286 | Depths:4 | Learned a level 5 spell: Phase Shift
 93795 | Zot:2    | Reached skill level 16 in Spellcasting
 93869 | Zot:2    | Reached XP level 26. HP: 191/191 MP: 43/43
 93872 | Zot:2    | Reached skill level 18 in Air Magic
 94492 | Zot:3    | Got a fine tin ring
 94493 | Zot:3    | Identified the ring of Boliecim {+Fly rElec rPois MP-9 Str+6 Int-3} (You found it on level 3 of the Realm of Zot)
 95203 | Zot:3    | Reached skill level 19 in Air Magic
 96159 | Zot:4    | Reached skill level 20 in Air Magic
 98192 | Depths:1 | Noticed Jorgrun
 98194 | Depths:1 | Killed Jorgrun
 98321 | Depths:1 | Noticed RobertPalmer's illusion
 98327 | Depths:1 | Killed Mara
 98502 | Depths:1 | Reached skill level 21 in Air Magic
 99137 | Slime:1  | Entered Level 1 of the Pits of Slime
101868 | Slime:2  | Reached XP level 27. HP: 196/196 MP: 0/44
103412 | Slime:6  | Entered Level 6 of the Pits of Slime
103481 | Slime:6  | Reached skill level 22 in Air Magic
103522 | Slime:6  | Noticed the royal jelly
103839 | Slime:6  | HP: 48/197 [acid blob[the royal jelly] (25)]
103841 | Slime:6  | HP: 7/197 [acid[the royal jelly] (26)]
103841 | Slime:6  | Gained mutation: Your body is misshapen. [a shining eye]
103844 | Slime:6  | Splashed by an acid blob's acid

Action                   |  1- 3 |  4- 6 |  7- 9 | 10-12 | 13-15 | 16-18 | 19-21 | 22-24 | 25-27 || total
-------------------------+-------+-------+-------+-------+-------+-------+-------+-------+-------++-------
Melee: Short sword       |    25 |       |       |       |       |       |       |       |       ||    25
       Dagger            |    11 |   152 |   282 |   649 |  1110 |  1044 |   370 |       |       ||  3618
       Unarmed           |       |       |       |       |     2 |       |       |       |       ||     2
       Rapier            |       |       |       |       |       |       |   816 |  1256 |   838 ||  2910
 Fire: Blowgun           |       |     5 |    15 |    56 |    84 |    16 |     1 |     1 |       ||   178
Throw: Javelin           |    42 |    53 |    11 |       |       |       |       |       |       ||   106
       Tomahawk          |       |     4 |     1 |    13 |       |     5 |       |       |       ||    23
       Throwing net      |       |       |       |    15 |       |       |       |       |       ||    15
 Cast: Blink             |       |       |    14 |     8 |    18 |    15 |    43 |    29 |    10 ||   137
       Teleport Other    |       |       |       |     3 |       |       |       |       |       ||     3
       Ozocubu's Armour  |       |       |       |    20 |    49 |    24 |    43 |    75 |    21 ||   232
       Summon Ice Beast  |       |       |       |    13 |   202 |    68 |    92 |    85 |       ||   460
       Freeze            |       |       |       |     1 |    10 |     1 |       |       |       ||    12
       Apportation       |       |       |       |       |    21 |       |       |       |       ||    21
       Summon Mana Viper |       |       |       |       |       |       |    26 |    36 |     1 ||    63
       Freezing Cloud    |       |       |       |       |       |       |    52 |    41 |     8 ||   101
       Summon Butterflie |       |       |       |       |       |       |     2 |    11 |       ||    13
       Monstrous Menager |       |       |       |       |       |       |     1 |       |       ||     1
       Deflect Missiles  |       |       |       |       |       |       |     5 |     7 |     3 ||    15
       Shadow Creatures  |       |       |       |       |       |       |       |    98 |    99 ||   197
       Airstrike         |       |       |       |       |       |       |       |     3 |       ||     3
       Sure Blade        |       |       |       |       |       |       |       |    33 |    20 ||    53
       Tornado           |       |       |       |       |       |       |       |       |     3 ||     3
       Phase Shift       |       |       |       |       |       |       |       |       |     1 ||     1
Invok: Shadow Step       |       |       |       |     6 |     9 |     4 |     5 |    11 |    13 ||    48
       Shadow Form       |       |       |       |       |       |       |     1 |       |       ||     1
 Abil: Evoke Invisibilit |       |       |       |       |     8 |    40 |    25 |     6 |    18 ||    97
       Turn Visible      |       |       |       |       |     4 |    24 |    16 |     2 |    13 ||    59
       Stop Flying       |       |       |       |       |     2 |       |       |       |       ||     2
       Evoke Flight      |       |       |       |       |     2 |       |       |       |       ||     2
Evoke: Wand              |       |       |     2 |     3 |     5 |     6 |     6 |    13 |     5 ||    40
       Rod               |       |       |       |       |       |       |       |    10 |     6 ||    16
  Use: Scroll            |     4 |     7 |     9 |    19 |    14 |    27 |    22 |    16 |    13 ||   131
       Potion            |       |     6 |     5 |     5 |    14 |     3 |    16 |     6 |     5 ||    60
 Stab: Sleeping          |       |     1 |    28 |   111 |   154 |   225 |   142 |   105 |   167 ||   933
       Distracted        |       |     1 |     2 |     7 |    42 |    14 |    32 |    35 |    20 ||   153
       Held in net/web   |       |       |       |     4 |       |       |       |       |       ||     4
       Fleeing           |       |       |       |       |     1 |     1 |       |       |       ||     2
       Invisible         |       |       |       |       |    11 |    77 |    53 |    12 |    31 ||   184
       Confused          |       |       |       |       |       |       |       |     1 |       ||     1
       Petrified         |       |       |       |       |       |       |       |       |     1 ||     1
  Eat: Bread ration      |       |     1 |     2 |     1 |     2 |       |       |       |       ||     6
       Chunk             |       |     4 |     7 |    23 |   101 |    71 |    85 |    93 |    81 ||   465
       Meat ration       |       |       |       |     1 |       |       |       |       |       ||     1
       Beef jerky        |       |       |       |     1 |     4 |     2 |     3 |     1 |     1 ||    12
       Pizza             |       |       |       |     1 |       |       |     5 |     1 |       ||     7
       Royal jelly       |       |       |       |       |     1 |       |     2 |     1 |     1 ||     5
       Fruit             |       |       |       |       |     1 |       |     1 |       |     3 ||     5

Vault maps used:
D:1:      evilmike_arrival_run_for_it
D:2:      nicolae_ru_sacrificial_ziggurat
D:3:      gup_sewer_entry_glass
D:4:      temple_statues, uniq_menkaure
D:5:      first_bread, uniq_pikel, uniq_grinder
D:6:      serial_aquarium, aquarium_bridge_long_joined, aquarium_window_1,
          aquarium_window_1, aquarium_view_4, aquarium_view_2e,
          aquarium_balcony_double_3, moated_statue
D:7:      basic_altar, grunt_livestock, minmay_statues_item, uniq_edmund,
          uniq_blork_the_orc, uniq_duvessa
D:8:      minmay_klotski
D:9:      serial_shops, nicolae_shop_trees
D:10:     david_orc_2, basic_altar, hangedman_decor_riveting,
          roderic_ravens_nest, bh_walls_and_bars
D:11:     erik_lair_boring, minmay_misc_feat_chi, uniq_josephine, uniq_harold,
          uniq_maurice
D:13:     david_vaults_2, serial_shops, shop, uniq_erolcha, uniq_nergalle,
          uniq_urug
D:15:     hangedman_depths_entry_try_elsewhere_first,
          minmay_misc_feat_more_columns, uniq_fannar
Temple:   kilobyte_greek_temple_18
Lair:1:   grunt_megastairs_2, lemuel_fruit_fields, uniq_gastronok, uniq_joseph
Lair:2:   mu_elephants_graveyard, portal_ice_cave_entry_ice_beasts,
          hangedman_lair_unloving_vines
Lair:3:   statuecave_lemuel, minmay_shoals_entry_lonely_mermaid,
          minmay_lair_oklob_bushes, serial_bayou_shore_a
Lair:4:   spider_nest_entry_webs, lemuel_fruit_tree
Lair:5:   kennysheep_abandoned_house, spider_nest_entry_funnel_web, uniq_rupert
Lair:6:   basic_altar, serial_bayou_pond_c
Lair:7:   roderic_lost_polar_bear, serial_bayou_shore_b
Lair:8:   minmay_lair_end_frog_pond, slime_dummy
Shoals:1: nicolae_shoals_so_close, uniq_asterion
Shoals:2: nicolae_shoals_c_island, uniq_snorg, uniq_polyphemus
Shoals:3: uniq_norris
Shoals:4: uniq_wiglaf, uniq_kirke, uniq_roxanne
Shoals:5: shoals_end_simple, shoal_ilsuiw, nicolae_shoals_circle_sea_wall,
          nicolae_shoals_isolated_beach
Spider:2: uniq_donald
Spider:3: uniq_nikola
Spider:4: hangedman_spider_tarantella_strand, nicolae_spider_cling_ruins,
          uniq_louise
Spider:5: spider_rune_water
Slime:1:  basic_altar
Orc:2:    serial_shops, shop, basic_altar, nooodl_orcs_dogs
Orc:3:    nicolae_orc_pool_cavern, uniq_sonja
Orc:4:    grunt_orc_cross, special_room, uniq_nessos
Elf:1:    serial_shops, shop, evilmike_minifort, corner_web_ring
Elf:2:    uniq_frances
Elf:3:    elf_hall_gauntlet_narrow, serial_shops, nicolae_shop_stone,
          enter_trove_2, minivault_24
Vaults:1: nicolae_vaults_ring_of_whatevers, ontoclasm_vaults_chip,
          ontoclasm_vaults_twist, dpeg_vaults_monster_box, vaults_mumra_hexcomb,
          v_alt_pattern_6, v_rooms_6, nicolae_vaults_octagons,
          nicolae_vaults_yaktaur_gun_rack, ontoclasm_vaults_decontamination,
          serial_ice_b, nicolae_vaults_hallways_thing
Vaults:2: vaults_mumra_minichess, v_misc_28,
          vaults_standard_mumra_enter_the_diamond, ontoclasm_vaults_eye,
          grunt_vaults_swirl, vaults_standard_mumra_x, nicolae_vaults_asterisk,
          st_more_cells, nicolae_vaults_little_squares_6, serial_shops, shop,
          nicolae_shop_stone, nicolae_shop_competitors_out_of_business,
          shop_fountains, shop_fountains, uniq_xtahua
Vaults:3: ontoclasm_vaults_spin, vaults_dpeg_ring, st_smaller_cells,
          hangedman_vaults_stream, minmay_crypt_entry_necro_gods, v_rooms_2,
          vaults_room_grid, vaults_dpeg_hooks, serial_shops, bzr_entry_road
Vaults:4: ontoclasm_vaults_chip, v_misc_18, grunt_vaults_funnel,
          vaults_dpeg_encased_lava, ontoclasm_vaults_ring_large,
          hangedman_vaults_variations, nicolae_vaults_c_with_doors,
          grunt_vaults_twisty, hangedman_vaults_nails, ontoclasm_vaults_idyll,
          hangedman_vaults_corner_blocks, nicolae_vaults_rhombus_6,
          uniq_margery, uniq_frederick
Vaults:5: serial_shops, uniq_boris
Depths:1: rand_demon_pan_entry_1, grunt_hell_entry_dis_mu,
          kilobyte_rumbling_trees, uniq_aizul, uniq_mara, uniq_jorgrun
Depths:2: lemuel_flame_loot_2, serial_shops, bzr_entry_lakeside,
          pf_hell_entry_tar_river, dk_noncrumbling_4, abyss_entry,
          infiniplex_staircase_door_maze, uniq_saint_roka
Depths:3: kennysheep_snake, hangedman_abyss_or_decor_jellyfish_corner,
          grunt_pan_entry_spiral, hell_entry
Depths:4: pf_snail_temple, hell_entry, rand_demon_pan_entry_9, serial_shops,
          bzr_entry_water, shop_coins,
          nicolae_shop_temple_entry_statues_fountains, abyss_entry,
          infiniplex_staircase_zigzag_4
Depths:5: evilmike_zot_entry_gauntlet, enter_ziggurat_e, lightli_too_deep
Zot:1:    nicolae_moth_party
Zot:3:    grunt_ministairs_2
Zot:4:    baited_tele_trap
Abyss:1:  minivault_4, abyss_furniture_001
Bazaar:   grunt_bazaar_doublecross, bazaar_minmay_cross,
          bazaar_jpeg_circle_common
Sewer:    sewer_kobolds
IceCv:    ice_cave_caverns_03

Table legend:
 A = Turns spent in this place as a percentage of turns spent in the entire game.
 B = Non-inter-level travel turns spent in this place as a percentage of non-inter-level travel turns spent in the entire game.
 C = Inter-level travel turns spent in this place as a percentage of turns spent in this place.
 D = Turns resting spent in this place as a percentage of non-inter-level travel turns spent in this place.
 E = Turns spent auto-exploring this place as a percentage of non-inter-level travel turns spent in this place.
 F = Non-inter-level travel turns spent in this place divided by the number of levels of this place that you've seen.
                   A       B       C       D       E      F
               +-------+-------+-------+-------+-------+----------------------
         Total | 100.0 | 100.0 |   0.4 |   2.3 |   2.1 | 722.6
       Dungeon |  20.2 |  20.1 |   0.5 |   2.4 |   3.6 | 669.2
        Temple |   0.2 |   0.2 |   0.0 |   0.0 |   0.0 |  81.0
          Lair |  12.0 |  12.0 |   0.4 |   1.5 |   1.7 | 748.9
        Shoals |   6.3 |   6.4 |   0.2 |   2.6 |   0.0 | 634.0
   Spider Nest |   6.6 |   6.6 |   0.5 |   2.7 |   0.4 | 661.2
    Slime Pits |   3.1 |   3.1 |   0.3 |   1.6 |   0.2 | 257.0
  Orcish Mines |   7.1 |   7.0 |   0.6 |   1.0 |   3.0 | 877.2
   Elven Halls |   5.3 |   5.3 |   0.5 |   2.4 |   3.5 | 885.3
        Vaults |  12.8 |  12.8 |   0.3 |   3.7 |   1.9 | 1275.2
        Depths |  14.8 |  14.8 |   0.3 |   2.6 |   1.8 | 1477.4
           Zot |   4.5 |   4.5 |   0.4 |   2.4 |   4.4 | 563.2
         Abyss |   4.6 |   4.7 |   0.0 |   0.2 |   0.0 | 773.3
        Bazaar |   0.5 |   0.5 |   0.0 |   1.1 |   0.0 |  87.7
         Sewer |   0.3 |   0.3 |   0.0 |   1.3 |   0.0 | 150.0
      Ice Cave |   1.6 |   1.6 |   0.0 |   2.8 |   0.1 | 814.0
               +-------+-------+-------+-------+-------+----------------------

Table legend:
 A = Kills in this place as a percentage of kills in entire the game.
 B = Kills by you in this place as a percentage of kills by you in the entire game.
 C = Kills by friends in this place as a percentage of kills by friends in the entire game.
 D = Other kills in this place as a percentage of other kills in the entire game.
 E = Experience gained in this place as a percentage of experience gained in the entire game.
 F = Experience gained in this place divided by the number of levels of this place that you have seen.
                   A       B       C       D       E      F
               +-------+-------+-------+-------+-------+----------------------
         Total | 100.0 | 100.0 | 100.0 | 100.0 | 100.0 | 18881.3
       Dungeon |  19.2 |  20.2 |  10.5 |   0.0 |   6.0 | 5200.5
          Lair |  11.4 |   9.7 |  26.7 |   0.0 |   4.7 | 7709.6
        Shoals |   5.7 |   6.3 |   0.7 |   0.0 |   7.1 | 18559.8
   Spider Nest |   7.6 |   8.0 |   4.2 |  10.0 |   5.8 | 15072.2
    Slime Pits |   4.0 |   4.2 |   2.8 |   0.0 |   4.3 | 9256.0
  Orcish Mines |   8.0 |   8.6 |   2.8 |   0.0 |   1.2 | 3935.0
   Elven Halls |   4.6 |   4.6 |   4.6 |   0.0 |   6.1 | 26562.0
        Vaults |  16.4 |  16.9 |  11.2 |  30.0 |  24.7 | 64403.8
        Depths |  16.7 |  15.1 |  29.5 |  60.0 |  25.8 | 67269.2
           Zot |   4.4 |   4.4 |   4.6 |   0.0 |  13.5 | 43968.5
         Abyss |   0.5 |   0.6 |   0.0 |   0.0 |   0.2 | 769.3
         Sewer |   0.2 |   0.3 |   0.0 |   0.0 |   0.0 | 122.0
      Ice Cave |   1.2 |   1.1 |   2.5 |   0.0 |   0.6 | 7332.0
               +-------+-------+-------+-------+-------+----------------------
